 Dungeon Sprint DCSS version 0.30-a0-956-gcec3b41aec (webtiles) character file.

Game seed: 11605249646739779389

3455 Parcival the Fighter (level 9, -13/95 HPs)
             Began as a Minotaur Fighter on Mar 28, 2023.
             Was a Follower of Nemelex Xobeh.
             Mangled by a cane toad (27 damage)
             ... in the Dungeon (Sprint III: "The Ten Rune Challenge") on Mar 29, 2023.
             The game lasted 00:04:16 (1569 turns).

Parcival the Fighter (Minotaur Fighter)             Turns: 1569, Time: 00:04:18

Health: -13/95     AC: 11    Str: 24    XL:     9   Next: 78%
Magic:  8/8        EV: 12    Int:  5    God:    Nemelex Xobeh [*.....]
Gold:   0          SH:  0    Dex: 11    Spells: 8/8 levels left

rFire   + . .      SeeInvis .    c - +4 quarterstaff (chaos)
rCold   . . .      Faith    .    (shield currently unavailable)
rNeg    . . .      Spirit   .    b - +0 scale mail
rPois   .          Reflect  .    (helmet restricted)
rElec   .          Rampage  .    (no cloak)
rCorr   .          NoTele   +    (no gloves)
Will    .....                    l - +0 pair of boots Stlth
                                 (no amulet)
HPRegen 0.35/turn                k - ring of protection from fire
MPRegen 0.11/turn                (no ring)

@: lethally poisoned (-13 -> -29), very slow
A: horns 2, retaliatory headbutt
a: Renounce Religion, Draw Escape, Draw Destruction, Draw Summoning


You were in the Dungeon.
You worshipped Nemelex Xobeh.
Nemelex Xobeh was aware of your devotion.
You visited 1 branch

Inventory:

Hand Weapons
 a - a +0 war axe
 c - a +4 quarterstaff of chaos (weapon)
 m - a +2 long sword of holy wrath
Armour
 b - a +0 scale mail (worn)
 l - a +0 pair of boots (worn)
Jewellery
 k - a ring of protection from fire (left hand)
Wands
 f - a wand of roots (6)
 o - a wand of acid (12)
Scrolls
 j - a scroll of blinking
Potions
 d - a potion of might
 e - a potion of curing
 g - a potion of haste
 h - 2 potions of magic
 i - a potion of berserk rage
Miscellaneous
 n - a lightning rod (4/4)


   Skills:
 + Level 14.0 Fighting
 + Level 9.0 Axes
 + Level 12.6 Staves
 + Level 13.6 Armour
 + Level 5.9 Dodging
 + Level 1.6 Stealth
 + Level 11.0 Shields
 + Level 0.3 Evocations


You had 8 spell levels left.
You didn't know any spells.
Your spell library was empty.

Dungeon Overview and Level Annotations

Branches:
Dungeon (1/1)

Altars:
Cheibriados
Dithmenos
Elyvilon
Fedhas
Gozag
Hepliaklqana
Makhleb
Nemelex Xobeh
Okawaru
Qazlal
Ru
Trog
Uskayaw
Wu Jian
Xom
Yredelemnul
Zin
The Shining One
Jiyva
Lugonu


Innate Abilities, Weirdness & Mutations

You have a pair of horns on your head.
You reflexively headbutt those who attack you in melee.


Message History

You freeze the cane toad.
The cane toad is lightly wounded.
You thump the cane toad! Your headbutt misses the cane toad.
The cane toad is heavily wounded.
The cane toad stings you but does no damage.
You hit the cane toad.
The cane toad is heavily wounded.
Your unstable footing causes you to fumble your attack.
The cane toad stings you!
Your unstable footing causes you to fumble your attack.
You sock the cane toad!
The cane toad is almost dead.
The cane toad barely misses you. You furiously retaliate!
You headbutt the cane toad!
You kill the cane toad!
Your Fighting skill increases to level 14!
Your unstable footing causes you to fumble your attack.
Your unstable footing causes you to fumble your attack.
The cane toad barely misses you. You furiously retaliate!
You headbutt the cane toad!
Your unstable footing causes you to fumble your attack.
The cane toad stings you but does no damage.
You thump the cane toad!
The cane toad goes berserk!
The cane toad is severely wounded.
The cane toad stings you.
You are poisoned.
The cane toad poisons you!
You barely miss the cane toad.
The cane toad is severely wounded.
You feel very sick. The cane toad stings you!!
You hit the cane toad.
Space warps horribly around the cane toad!
The cane toad is almost dead.
You feel very sick. The cane toad stings you!!
* * * LOW HITPOINT WARNING * * *
The cane toad stings you!!
You die...
Your body disappears without a glow.

..# #...'.÷........#
†####...#...######'#
.###....#.⌠.#__#...#+############
.##÷....#...#__#..)#....#.#.#...)
.#..[...#+###__#...##.#..#.##.###
#.#.....# #__#...)##.#.#.##)#..
####....# #__'...#...#..#..##..
▓▓▓▓▓▓ ▓▓▓▓▓▓▓▓▓▓▓▓▓▓▓▓▓▓▓▓▓
♣@~~........~~~...
♣F♣≈≈≈≈≈≈≈≈≈≈≈≈♣♣P.
.l♣♣♣♣♣♣♣♣♣♣♣♣♣♣♣♣PP #.. ♣♣♣ ##


You could see a komodo dragon and a cane toad (berserk).

Vanquished Creatures
  Erolcha (D)
  A deep elf pyromancer (D)
  A cane toad (D)
  A shadow (D)
  3 wandering mushrooms (D)
  2 redbacks (D)
  A spatial vortex (D)
  5 two-headed ogres (D)
  A water elemental (D)
  A necrophage (D)
  A jelly (D)
  Crazy Yiuf (D)
  A necromancer (D)
  3 humans (D)
  4 rats (D)
27 creatures vanquished.

Vanquished Creatures (others)
  A plant (D)
1 creature vanquished.

Grand Total: 28 creatures vanquished

Notes
Turn   | Place    | Note
-------+----------+-------------------------------------------
     0 | D        | Parcival the Minotaur Fighter began the quest for the Orb.
     0 | D        | Reached XP level 1. HP: 19/19 MP: 0/0
    42 | D        | Reached skill level 4 in Fighting
    55 | D        | Noticed Crazy Yiuf
    60 | D        | Killed Crazy Yiuf
    61 | D        | Reached skill level 5 in Fighting
    61 | D        | Reached skill level 5 in Armour
    61 | D        | Reached skill level 5 in Shields
    61 | D        | Reached XP level 2. HP: 9/29 MP: 1/1
    61 | D        | Reached XP level 3. HP: 11/36 MP: 2/2
    63 | D        | HP: 1/36 [human (1)]
   158 | D        | Noticed a water elemental
   166 | D        | Killed a water elemental
   167 | D        | Reached skill level 6 in Fighting
   167 | D        | Reached skill level 1 in Staves
   167 | D        | Reached skill level 1 in Dodging
   167 | D        | Reached XP level 4. HP: 28/45 MP: 3/3
   229 | D        | Found a glowing silver altar of Zin.
   229 | D        | Found a glowing golden altar of the Shining One.
   229 | D        | Found a white marble altar of Elyvilon.
   230 | D        | Noticed a deep elf pyromancer
   244 | D        | Killed a deep elf pyromancer
   245 | D        | Reached skill level 9 in Fighting
   245 | D        | Reached skill level 10 in Armour
   245 | D        | Reached XP level 5. HP: 15/58 MP: 4/4
   245 | D        | Reached XP level 6. HP: 18/66 MP: 5/5
   245 | D        | Reached XP level 7. HP: 19/71 MP: 6/6
   420 | D        | Found a hide-covered altar of Uskayaw.
   420 | D        | Found an iron altar of Okawaru.
   420 | D        | Found a bloodstained altar of Trog.
   420 | D        | Found an ornate altar of the Wu Jian Council.
   420 | D        | Noticed a human
   420 | D        | Noticed a human
   428 | D        | Killed a human
   428 | D        | Killed a human
   429 | D        | Reached skill level 10 in Fighting
   429 | D        | Reached skill level 5 in Staves
   429 | D        | Reached skill level 10 in Shields
   444 | D        | Found a basalt altar of Yredelemnul.
   444 | D        | Found a shadowy altar of Dithmenos.
   444 | D        | Found a sacrificial altar of Ru.
   507 | D        | Noticed a shadow
   516 | D        | Killed a shadow
   517 | D        | Reached skill level 11 in Fighting
   517 | D        | Reached XP level 8. HP: 49/82 MP: 7/7
   630 | D        | HP: 2/82 [two-headed ogre/+0 giant club (14)]
   631 | D        | Upgraded the game from 0.30-a0-953-g5f1da4a474 to
                  | 0.30-a0-956-gcec3b41aec
   877 | D        | Found a blossoming altar of Fedhas.
   877 | D        | Found a stormy altar of Qazlal.
   877 | D        | Found a snail-covered altar of Cheibriados.
   877 | D        | Found a burning altar of Makhleb.
   877 | D        | Found a shimmering altar of Xom.
   878 | D        | Found a hazy altar of Hepliaklqana.
   878 | D        | Found an opulent altar of Gozag.
   878 | D        | Found a sparkling altar of Nemelex Xobeh.
   878 | D        | Found a corrupted altar of Lugonu.
   878 | D        | Found a viscous altar of Jiyva.
   902 | D        | Became a worshipper of Nemelex Xobeh the Trickster
  1017 | D        | Noticed a two-headed ogre
  1026 | D        | Killed a two-headed ogre
  1027 | D        | Reached skill level 12 in Fighting
  1210 | D        | Noticed Erolcha
  1210 | D        | Noticed a two-headed ogre
  1218 | D        | Killed Erolcha
  1219 | D        | Reached skill level 10 in Staves
  1219 | D        | Reached skill level 5 in Dodging
  1219 | D        | Reached skill level 1 in Stealth
  1219 | D        | Reached XP level 9. HP: 92/92 MP: 8/8
  1223 | D        | Killed a two-headed ogre
  1224 | D        | Reached skill level 13 in Fighting
  1339 | D        | Reached * piety under Nemelex Xobeh
  1343 | D        | Received a gift from Nemelex Xobeh
  1411 | D        | Noticed a wandering mushroom
  1417 | D        | Noticed a wandering mushroom
  1419 | D        | Noticed a wandering mushroom
  1557 | D        | Noticed a cane toad
  1557 | D        | Noticed a komodo dragon
  1557 | D        | Noticed a cane toad
  1563 | D        | Killed a cane toad
  1564 | D        | Reached skill level 14 in Fighting
  1569 | D        | Mangled by a cane toad

Illustrated notes

Levels and vault maps discovered:
D:        dungeon_sprint_mu [sprint_mu_entry_cave, sprint_mu_temple_rooms,
          sprint_mu_d1_spiders, sprint_mu_d2_genie, sprint_mu_d3_branching,
          sprint_mu_orc_legion, sprint_mu_elf_gauntlet, sprint_mu_hive_nellie,
          sprint_mu_lair_fedhas, sprint_mu_vaults_butterflies,
          sprint_mu_slime_circle, sprint_mu_swamp_cave, sprint_mu_shoals_kraken,
          sprint_mu_blade_basic, sprint_mu_crypt_lich, sprint_mu_tomb_spiral,
          sprint_mu_vestibule_basic, sprint_mu_gehenna_hellfire,
          sprint_mu_dis_giant, sprint_mu_tartarus_statrot,
          sprint_mu_cocytus_islands, sprint_mu_zot1]

Skill      XL: |  1  2  3  4  5  6  7  8  9 |
---------------+----------------------------+-----
Fighting       | 5 6 9 11 12 14 | 14.0
Armour         | 5 7 10 11 12 13 | 13.6
Axes           | 3 4 7 8 9 |  9.0
Shields        | 5 6 9 10 11 | 11.0
Staves         | 1 4 5 10 12 | 12.6
Dodging        | 1 3 4 5 |  5.9
Stealth        | 1 |  1.6
Evocations     | |  0.3

Action                     |  1- 3 |  4- 6 |  7- 9 || total
---------------------------+-------+-------+-------++-------
  Melee: War axe           |    20 |       |       ||    20
         Headbutt          |     4 |     1 |    22 ||    27
         Quarterstaff      |     2 |     6 |    80 ||    88
  Evoke: Wand              |       |       |     1 ||     1
         Lightning rod     |       |       |     1 ||     1
    Use: Potion            |     1 |       |     1 ||     2
 Armour: Scale mail        |     9 |     2 |    14 ||    25
  Dodge: Dodged            |    13 |     5 |    46 ||    64
  Block: Buckler           |     4 |       |       ||     4

Table legend: (Time is in decaauts)
 A = Elapsed time spent in this place.
 B = Non-inter-level travel time spent in this place.
 C = Inter-level travel time spent in this place.
 D = Time resting spent in this place.
 E = Time spent auto-exploring this place.
 F = Levels seen in this place.
 G = Mean time per level.
                   A        B        C        D        E       F      G
               +--------+--------+--------+--------+--------+-----+--------+
         Total |   1570 |   1569 |      1 |      7 |   1301 |   1 | 1570.0 |
       Dungeon |   1570 |   1569 |      1 |      7 |   1301 |   1 | 1570.0 |
               +--------+--------+--------+--------+--------+-----+--------+

Top non-repeatable levels by time:
       D: 1570 daAuts
